 Dungeon Crawl Stone Soup version 0.28-a0-1510-gd0f6b136d3 (webtiles) character file.

Game seed: 9668399192017804605

260 hashsling the Vexing (level 5, -4/29 HPs)
             Began as a Deep Elf Arcane Marksman on Jan 15, 2022.
             Was an Initiate of Sif Muna.
             Slain by Menkaure (6 damage)
             ... on level 4 of the Dungeon.
             The game lasted 00:20:30 (4738 turns).

hashsling the Vexing (Deep Elf Arcane Marksman)     Turns: 4738, Time: 00:20:31

Health: -4/29      AC:  3    Str:  7    XL:     5   Next: 95%
Magic:  7/12       EV: 13    Int: 24    God:    Sif Muna [......]
Gold:   119        SH:  0    Dex: 17    Spells: 3/10 levels left

rFire   . . .      SeeInvis .   b - +1 short sword (speed)
rCold   . . .      Faith    .   (no shield)
rNeg    . . .      Spirit   .   d - +1 robe
rPois   .          Reflect  .   (no helmet)
rElec   .          Harm     .   (no cloak)
rCorr   .          Rampage  .   (no gloves)
Will    .....                   (no boots)
Stlth   ++........              m - amulet of the acrobat
HPRegen 0.09/turn               s - +6 ring of intelligence
MPRegen 0.13/turn               (no ring)

@: mighty
A: no striking features
a: Renounce Religion


You were on level 4 of the Dungeon.
You worshipped Sif Muna.
Sif Muna was noncommittal.
You visited 2 branches of the dungeon, and saw 5 of its levels.

You collected 119 gold pieces.

Inventory:

Hand Weapons
 a - a +1 shortbow
 b - a +1 short sword of speed (weapon)
Missiles
 c - 31 arrows
Armour
 d - a +1 robe (worn)
Magical Staves
 j - a staff of fire
Jewellery
 m - an amulet of the acrobat (around neck)
 s - a +6 ring of intelligence (left hand)
Scrolls
 f - 2 scrolls of vulnerability
 p - a scroll of immolation {unknown}
 q - a scroll of fog {unknown}
 r - a scroll of blinking {unknown}
 t - a scroll of noise {unknown}
Potions
 e - a potion of cancellation {unknown}
 k - a potion of brilliance


   Skills:
 - Level 1.0 Fighting
 + Level 1.8 Short Blades
 * Level 5.4 Bows
 + Level 2.8 Dodging
 + Level 3.4 Spellcasting
 * Level 5.7 Hexes


You had 3 spell levels left.
You knew the following spells:

 Your Spells              Type           Power      Damage    Failure   Level
a - Slow                  Hex            100%       N/A       1%          1
b - Tukima's Dance        Hex            31%        N/A       3%          3
c - Portal Projectile     Hex/Tloc       34%        N/A       10%         3

Your spell library contained the following spells:

 Spells                   Type           Power      Damage    Failure   Level
 Inner Flame              Hex/Fire       17%        N/A       10%         3
 Cause Fear               Hex            15%        N/A       10%         4
 Anguish                  Hex/Necr       8%         N/A       32%         4
 Enfeeble                 Hex            15%        N/A       100%        7


Dungeon Overview and Level Annotations

Branches:
Dungeon (4/15)             Temple (1/1) D:4

Altars:
Ashenzari
Cheibriados
Dithmenos
Gozag
Kikubaaqudgha
Makhleb
Nemelex Xobeh
Okawaru
Qazlal
Ru
Sif Muna
Trog
Uskayaw
Vehumet
Wu Jian
Xom
Zin
The Shining One

Annotations:
D:4 Menkaure


Message History

a +0 whip; a +0 long sword of holy wrath; a gnoll corpse
Things that are here:
a +0 flail; a +0 leather armour; a +0 robe Menkaure shouts!
Menkaure mumbles some strange words.
Menkaure seems to speed up.
Okay, then.
Casting: Slow (safe; 1% risk of failure)
Confirm with . or Enter, or press ? or * to list all spells.
The spell is quite dangerous to miscast (10% risk of failure)!
Continue anyway?
You begin teleporting projectiles to their destination.
Fire: 33 arrows
Press: ? - help, Q - select action, (/) - cycle Shift-Dir - straight line, f - Menkaure
Aim: Menkaure (lightly damaged, fast, 80% to hit)
You magically shoot an arrow.
The arrow hits Menkaure.
Menkaure is lightly damaged.
Fire: 32 arrows
Press: ? - help, Q - select action, (/) - cycle Shift-Dir - straight line, f/p - Menkaure
Aim: Menkaure (lightly damaged, fast, 80% to hit)
You magically shoot an arrow.
The arrow hits Menkaure.
Menkaure is lightly damaged.
Your hands tingle!
b - a +1 short sword of speed (weapon)
You feel very mighty all of a sudden. Menkaure hits you!
* * * LOW HITPOINT WARNING * * *
Hit: b) +1 short sword (speed)
Press: ? - help, Dir - move target, f/p - Menkaure
Aim: Menkaure (lightly damaged, fast, about 23% to evade your +1 short sword of speed)
You hit Menkaure but do no damage.
Menkaure is lightly damaged.
You are no longer teleporting projectiles to their destination.
Menkaure closely misses you.
Hit: b) +1 short sword (speed)
Press: ? - help, Dir - move target, f/p - Menkaure
Aim: Menkaure (lightly damaged, fast, about 23% to evade your +1 short sword of speed)
You puncture Menkaure!
Menkaure is severely damaged.
Menkaure hits you.
You die...

......##.....###.##
#..#
[####.##..........#
##M# .#
#.##.....###..##
###.# ## #.#....###
#)..## #.... #
#...#### #)#..#
###.#.# # ##.###
#.##.## #...#.#
##...####
#.##..######.###.#
#..#....##
#.###.....#..# #.#
##.#####..# #@#
#####...## #.# #..#
##.# #M####.....##
#.# #.## #.#
#(.....###..# #..
#.# #.####'###.#
##.## #.#
#.##...(.#.# #.)#
#.# #.##.⌠.⌠.#.#
##.##### #.#
#..(..>..'.#
#..#..# #.#
####.#.⌠.⌠.###
##....# ####.##
#....#.....# ###..#


You could see Menkaure (fast).

Vanquished Creatures
  Blork the orc (D:4)
  5 gnolls (D:4)
  5 adders
  2 worms (D:2)
  A dart slug (D:1)
  5 orcs (D:4)
  8 ball pythons
  3 bats
  7 endoplasms
  A giant cockroach (D:2)
  4 goblins
  6 hobgoblins
  8 jackals
  8 kobolds
  3 quokkas
  7 frilled lizards
  8 rats
82 creatures vanquished.

Vanquished Creatures (collateral kills)
  A gnoll (D:4)
1 creature vanquished.

Vanquished Creatures (others)
  A dancing weapon (D:4)
1 creature vanquished.

Grand Total: 84 creatures vanquished

Notes
Turn   | Place    | Note
-------+----------+-------------------------------------------
     0 | D:1      | hashsling the Deep Elf Arcane Marksman began the quest for
                  | the Orb.
     0 | D:1      | Reached XP level 1. HP: 11/11 MP: 5/5
   167 | D:1      | Reached XP level 2. HP: 16/16 MP: 7/7
   472 | D:1      | Found a faded altar of an unknown god.
  1072 | D:2      | Reached XP level 3. HP: 20/20 MP: 8/8
  1127 | D:2      | Reached skill level 1 in Fighting
  1678 | D:2      | Reached skill level 1 in Short Blades
  1945 | D:2      | Reached XP level 4. HP: 17/25 MP: 10/10
  2570 | D:3      | Reached skill level 5 in Hexes
  2627 | D:3      | Learned a level 3 spell: Tukima's Dance
  2631 | D:3      | Learned a level 3 spell: Portal Projectile
  2720 | D:3      | HP: 1/25 [adder (3)]
  3264 | D:3      | Found a hide-covered altar of Uskayaw.
  3753 | D:4      | Reached XP level 5. HP: 26/29 MP: 11/11
  4089 | D:4      | Reached skill level 5 in Bows
  4123 | D:4      | Found an ancient bone altar of Kikubaaqudgha.
  4143 | D:4      | Found a staircase to the Ecumenical Temple.
  4149 | Temple   | Entered the Ecumenical Temple
  4187 | Temple   | Became a worshipper of Sif Muna the Loreminder
  4220 | D:4      | Noticed Blork the orc
  4245 | D:4      | Killed Blork the orc
  4524 | D:4      | Noticed a water moccasin
  4603 | D:4      | Noticed Menkaure
  4738 | D:4      | Slain by Menkaure

Illustrated notes

Levels and vault maps discovered:
D:1:      evilmike_arrival_rings, layout_basic,
          hellmonk_ecumenical_altar_slurped_away, serial_park_tiny_1,
          minivault_19, minmay_tall_x
D:2:      layout_rooms
D:3:      layout_loops_ring, lemuel_tele_altar, nrook_mini_vaults,
          dk_noncrumbling_3
D:4:      layout_rooms, mainiacjoe_overflow_alcove_4, minmay_temple_entry_hall,
          uniq_blork_the_orc, uniq_menkaure, uniq_grinder
Temple:   nicolae_temple_x_marks_the_god

Skill      XL: |  1  2  3  4  5 |
---------------+----------------+-----
Bows           | 3 4 5 |  5.4
Spellcasting   | 2 3 |  3.4
Fighting       | 1 |  1.0
Short Blades   | 1 |  1.8
Hexes          | 5 |  5.7
Dodging        | |  2.8

Action                   |  1- 3 |  4- 6 || total
-------------------------+-------+-------++-------
Melee: Short sword       |    82 |    56 ||   138
       Punch             |     1 |     1 ||     2
 Fire: Shortbow          |    65 |   118 ||   183
 Cast: Slow              |     3 |    10 ||    13
       Tukima's Dance    |       |     4 ||     4
       Portal Projectile |       |     1 ||     1
  Use: Scroll            |       |     8 ||     8
       Potion            |       |     2 ||     2
 Stab: Sleeping          |     1 |     2 ||     3
Armor: Robe              |     5 |     7 ||    12
Dodge: Dodged            |    52 |    69 ||   121

Table legend: (Time is in decaauts)
 A = Elapsed time spent in this place.
 B = Non-inter-level travel time spent in this place.
 C = Inter-level travel time spent in this place.
 D = Time resting spent in this place.
 E = Time spent auto-exploring this place.
 F = Levels seen in this place.
 G = Mean time per level.
                   A        B        C        D        E       F      G
               +--------+--------+--------+--------+--------+-----+--------+
         Total |   4681 |   4588 |     93 |      0 |   3613 |   5 |  936.2 |
       Dungeon |   4638 |   4545 |     93 |      0 |   3613 |   4 | 1159.5 |
        Temple |     42 |     42 |      0 |      0 |      0 |   1 |   42.0 |
               +--------+--------+--------+--------+--------+-----+--------+

Top non-repeatable levels by time:
     D:3: 1554 daAuts
     D:2: 1108 daAuts
     D:1: 1024 daAuts
     D:4: 951 daAuts
  Temple: 42 daAuts
